 Dungeon Crawl Stone Soup version 0.18.1-48-g4cf74bf (webtiles) character file.

59 mindo the Magician (level 3, -4/19 HPs)
             Began as a Deep Elf Wizard on July 12, 2016.
             Slain by junkhipster's ghost (15 damage)
             ... on level 4 of the Dungeon.
             The game lasted 00:23:19 (3345 turns).

mindo the Magician (Deep Elf Wizard)                Turns: 3345, Time: 00:23:19

Health: -4/19      AC:  7    Str:  4    XL:     3   Next: 78%
Magic:  1/12       EV: 13    Int: 23    God:
Gold:   117        SH:  0    Dex: 16    Spells: 4 memorised, 5 levels left

rFire  . . .     SeeInvis .     m - +2 short sword (venom)
rCold  . . .     Gourm    .     a - +0 robe
rNeg   . . .     Faith    .     (no shield)
rPois  .         Spirit   .     b - +2 hat
rElec  .         Dismiss  .     (no cloak)
rCorr  .         Reflect  .     n - +2 pair of gloves
SustAt .         Harm     .     (no boots)
MR     .....                    (no amulet)
Stlth  ++........               (no ring)
                                o - +3 ring of dexterity

@: very slightly contaminated, not resistant to hostile enchantments, unstealthy
A: no striking features
a: no special abilities


You were on level 4 of the Dungeon.
You were not hungry.

You visited 1 branch of the dungeon, and saw 5 of its levels.

You collected 117 gold pieces.

Inventory:

Hand Weapons
 m - a +2 short sword of venom (weapon)
Armour
 a - a +0 robe (worn)
 b - a +2 hat (worn)
 n - a +2 pair of gloves (worn)
Jewellery
 o - a +3 ring of dexterity (left hand)
Scrolls
 e - a scroll of recharging {unknown}
 h - a scroll of random uselessness
 i - a scroll of magic mapping {unknown}
 j - a scroll of enchant weapon {unknown}
 k - a scroll of amnesia {unknown}
Potions
 g - a potion of haste {unknown}
 l - a potion of lignification {unknown}
Books
 c - a book of Minor Magic

   Spells                             Type                      Level
   a - Magic Dart                     Conjuration                  1
   b - Blink                          Translocation                2
   c - Call Imp                       Summoning                    2
   d - Repel Missiles                 Charms/Air                   2
   e - Slow                           Hexes                        2
   f - Conjure Flame                  Conjuration/Fire             3
   g - Mephitic Cloud                 Conjuration/Poison/Air       3
Comestibles
 d - 3 bread rations


   Skills:
 - Level 2.4 Dodging
 + Level 3.0 Stealth
 * Level 5.6 Spellcasting
 + Level 2.5 Conjurations
 - Level 1.1 Summonings
 - Level 1.1 Translocations


You had 5 spell levels left.
You knew the following spells:

 Your Spells              Type           Power        Failure   Level  Hunger
a - Magic Dart            Conj           ###.         3%          1    None
b - Blink                 Tloc           N/A          10%         2    None
c - Call Imp              Summ           ##......     10%         2    None
d - Conjure Flame         Conj/Fire      ##......     17%         3    ##.....


Dungeon Overview and Level Annotations

Branches:
Dungeon (5/15)             Temple (0/1) D:4

Altars:
Ashenzari
Gozag
Ru
Trog

Annotations:
D:3 PeterLawrence's ghost, amateur GrFi
D:4 junkhipster's ghost, amateur GrFi
D:5 Edmund


Message History

Your skin glows momentarily.
Your white imp gestures at junkhipster's ghost.
The puff of frost misses junkhipster's ghost.
Junkhipster's ghost closely misses your white imp.
Your white imp gestures at junkhipster's ghost.
The puff of frost hits junkhipster's ghost.
Junkhipster's ghost appears unharmed.
Junkhipster's ghost misses your white imp.
You hit junkhipster's ghost but do no damage.
Junkhipster's ghost is heavily damaged.
Your white imp disappears in a puff of smoke!
Your crimson imp hits junkhipster's ghost but does no damage.
Junkhipster's ghost hits your crimson imp!
Your crimson imp dies!
Junkhipster's ghost turns its malevolent gaze towards you.
You barely miss junkhipster's ghost.
Junkhipster's ghost is heavily damaged.
Junkhipster's ghost hits you!
Ouch! That really hurt!
You die...

.... .... ####### #...
#>....####...##+###
##+###........#........##+###
+.............#..........w...
#..........§..#..............
#...........W.#.....§........
#...###...##@##.####.####...#
#######...##.##.####.########
.........#......#...........
.........#......'...........
.........'......#...........
.........#......#...<......#
.........#.(....#..........#
.........#......#...........
########.####..#############


You could see junkhipster's ghost.

Vanquished Creatures
  A worm (D:3)
  A dart slug (D:1)
  A giant gecko (D:1)
  4 bats
  A giant cockroach (D:1)
  4 goblins
  3 hobgoblins
  3 kobolds
  A quokka (D:2)
  4 giant newts
  2 rats (D:1)
25 creatures vanquished.

Vanquished Creatures (collateral kills)
  2 adders
  A worm (D:3)
  A dart slug (D:2)
  A giant gecko (D:3)
  4 goblins
  3 hobgoblins
  3 kobolds
  2 ball pythons
  2 rats (D:1)
19 creatures vanquished.

Grand Total: 44 creatures vanquished

Notes
Turn   | Place    | Note
--------------------------------------------------------------
     0 | D:1      | mindo the Deep Elf Wizard began the quest for the Orb.
     0 | D:1      | Reached XP level 1. HP: 10/10 MP: 7/7
   212 | D:1      | Reached XP level 2. HP: 15/15 MP: 4/9
   257 | D:1      | Learned a level 2 spell: Blink
   260 | D:1      | Learned a level 2 spell: Call Imp
   559 | D:1      | Reached skill level 5 in Spellcasting
   589 | D:1      | Found a shattered altar of Ashenzari.
  1429 | D:2      | Found a sacrificial altar of Ru.
  1433 | D:2      | Found a bloodstained altar of Trog.
  1469 | D:2      | Reached XP level 3. HP: 19/19 MP: 5/11
  1474 | D:2      | Learned a level 3 spell: Conjure Flame
  1668 | D:2      | Found an opulent altar of Gozag.
  2642 | D:3      | Noticed PeterLawrence's ghost (amateur GrFi)
  2987 | D:4      | Noticed an ogre
  3061 | D:5      | Entered Level 5 of the Dungeon
  3143 | D:4      | Found a staircase to the Ecumenical Temple.
  3160 | D:5      | Noticed an ice beast
  3195 | D:5      | Noticed Edmund
  3323 | D:4      | Noticed junkhipster's ghost (amateur GrFi)
  3345 | D:4      | Slain by junkhipster's ghost

Skill      XL: |  1  2  3 |
---------------+----------+-----
Conjurations   | 2 |  2.5
Spellcasting   | 5 |  5.6
Stealth        | 3 |  3.0
Dodging        | |  2.4
Summonings     | |  1.1
Translocations | |  1.1

Action                   || total
-------------------------++-------
Melee: Whip              ||     6
       Short sword       ||     9
 Cast: Magic Dart        ||    40
       Call Imp          ||    43
       Blink             ||    11
       Conjure Flame     ||     5
  Use: Scroll            ||     3
  Eat: Meat ration       ||     2
Armor: Robe              ||     2
Dodge: Dodged            ||    20
